Map: Ulrena

Players

VnPoSeIDoN - Winner!

  • Race: Protoss Protoss
  • League: Silver

LilDicky

  • Race: Zerg Zerg
  • League: Diamond

VOD

http://www.twitch.tv/tumescentpie

Description

Time

  • Played on: Dec. 13, 2015, 6:21 p.m.
  • Length: 6:45
Show
View Real Time Build Order
Export as new Build Order

VnPoSeIDoN Protoss - Winner!

Build Orders: Cannon Rush 

Get SALT Encoding   

  12  0:01  Probe (Chrono Boost)  
  13  0:11  Probe (Chrono Boost)  
  14  0:19  Pylon  
  14  0:22  Probe (Chrono Boost)  
  15  0:38  Probe (Chrono Boost)  
  15  0:39  Gateway  
  16  0:48  Probe (Chrono Boost)  
  17  0:55  Forge  
  17  0:59  Probe (Chrono Boost)  
  18  1:08  Pylon  
  18  1:12  Assimilator  
  18  1:24  Assimilator  
  18  1:33  Photon Cannon  
  18  1:47  Photon Cannon  
  18  1:54  Photon Cannon  
  18  1:58  Pylon  
  18  2:07  Cybernetics Core  
  18  2:09  Probe (Chrono Boost), Photon Cannon  
  19  2:16  Zealot  
  21  2:45  Robotics Facility, Warp Gate (Chrono Boost)  
  21  2:48  Mothership Core (Chrono Boost)  
  23  3:01  Pylon  
  23  3:06  Probe (Chrono Boost)  
  24  3:24  Sentry  
  27  3:27  Probe (Chrono Boost)  
  27  3:32  Immortal  
  31  3:52  Pylon  
  31  3:56  Gateway  
  31  4:13  Immortal  
  31  4:17  Sentry  
  37  4:53  Warp Prism  
  37  5:12  Zealot  
  39  5:14  Sentry  
  41  5:23  Nexus  
  41  5:56  Pylon  
  37  6:00  Mothership Core  
  37  6:01  Immortal  
  41  6:13  Pylon  
  41  6:17  Robotics Bay  
  41  6:23  Probe  
Show
View Real Time Build Order
Export as new Build Order

LilDicky Zerg 

Build Orders: Hatch First 

Get SALT Encoding   

  12  0:04  Drone  
  13  0:12  Drone  
  14  0:23  Extractor  
  14  0:24  Extractor  
  14  0:25  Drone x2  
  16  0:46  Hatchery  
  15  1:01  Spawning Pool  
  14  1:05  Drone, Extractor  
  14  1:09  Overlord  
  15  1:25  Extractor  
  14  1:35  Drone  
  14  1:36  Drone x2  
  17  1:51  Drone, Queen  
  20  1:57  Overlord  
  20  2:03  Queen  
  22  2:18  Roach Warren  
  22  2:20  Drone x3  
  24  2:51  Overlord  
  24  3:08  Roach x3  
  24  3:09  Roach x3  
  36  3:29  Overlord  
  36  3:31  Roach  
  38  3:58  Ravager  
  38  3:59  Ravager  
  40  4:03  Extractor  
  39  4:37  Ravager  
  40  5:00  Hatchery  
  28  5:28  Roach  
  30  5:29  Roach  
  30  5:30  Roach x3  
  30  5:33  Overlord x2  
  37  6:14  Drone  
  37  6:15  Drone x10  
  45  6:32  Drone x2  
Tags
 
Add a new tag
Caveats
  • Supply blocks, unpowered buildings, or Contaminate may cause inaccurate times.
  • Supply counts are checked every 10 seconds.